 Dungeon Crawl Stone Soup version 0.22.1-2-g9c5b331 (webtiles) character file.

3073 Heatsaber the Magician (level 9, 0/39 HPs)
             Began as a Vine Stalker Conjurer on Dec 28, 2018.
             Was a Believer of Sif Muna.
             Slain by a centaur warrior (1 damage)
             ... on level 9 of the Dungeon on Dec 29, 2018.
             The game lasted 01:24:59 (7505 turns).

Heatsaber the Magician (Vine Stalker Conjurer)      Turns: 7505, Time: 01:25:00

Health: 0/39       AC: 10    Str: 11    XL:     9   Next: 88%
Magic:  0/21       EV: 12    Int: 18    God:    Sif Muna [**....]
Gold:   358        SH:  5    Dex: 15    Spells: 12/23 levels left

rFire    + . .     SeeInvis .   B - +2 dagger (speed)
rCold    . . .     Gourm    .   x - +0 buckler
rNeg     . . .     Faith    .   O - +1 robe of Ufoezour {rF+}
rPois    .         Spirit   +   C - +0 helmet
rElec    .         Reflect  .   l - +0 cloak
rCorr    .         Harm     .   F - +0 pair of gloves
MR       +....                  (no boots)
Stlth    ++........             (no amulet)
HPRegen  0.53/turn              n - +3 ring of protection
MPRegen  0.17/turn              N - ring of wizardry

@: no casting
A: fangs 3, regeneration 1, magic shield, antimagic bite, no potion heal 3, rot
immunity
a: Stop Divine Energy, Renounce Religion


You were on level 9 of the Dungeon.
You worshipped Sif Muna.
Sif Muna was pleased with you.
You were very hungry.

You visited 2 branches of the dungeon, and saw 10 of its levels.

You collected 358 gold pieces.

Inventory:

Hand Weapons
 d - a +0 spear
 g - a +0 dagger
 B - a +2 dagger of speed (weapon)
 E - a +1 whip of electrocution
 J - a +1 spear of piercing
 K - a +1 spear of freezing
 M - a +0 morningstar
Armour
 a - a +0 robe
 l - a +0 cloak (worn)
 w - a +0 leather armour
 x - a +0 buckler (worn)
 C - a +0 helmet (worn)
 D - a +0 animal skin
 F - a +0 pair of gloves (worn)
 H - a scarf of cloud immunity
 I - a +0 plate armour
 O - the +1 robe of Ufoezour (worn) {rF+}
   (You found it on level 6 of the Dungeon)

   It protects you from fire.
Magical Staves
 m - an uncursed staff of death
 T - an uncursed staff of wizardry
Jewellery
 n - a +3 ring of protection (left hand)
 s - an uncursed ring of flight
 t - an uncursed ring of ice
 N - a ring of wizardry (right hand)
 X - an uncursed ring of protection from cold
Wands
 G - a wand of polymorph (13)
Scrolls
 h - 2 scrolls of amnesia
 p - 3 scrolls of magic mapping
 q - 2 scrolls of teleportation
 v - 3 scrolls of remove curse
 y - 3 scrolls of immolation
 L - a scroll of acquirement
 Q - a scroll of enchant weapon {unknown}
 R - 2 scrolls of enchant armour {unknown}
 S - a scroll of noise {unknown}
 V - a scroll of vulnerability {unknown}
Potions
 b - 2 potions of lignification {unknown}
 e - 2 potions of flight {unknown}
 f - a potion of brilliance {unknown}
 i - 2 potions of might {unknown}
 j - a potion of invisibility {unknown}
 k - 2 potions of heal wounds {unknown}
 o - 3 potions of mutation {unknown}
 r - a potion of haste {unknown}
 u - 4 potions of curing {unknown}
 z - 3 potions of resistance
 A - a potion of magic {unknown}
 P - a potion of berserk rage {unknown}
 W - 3 potions of agility {unknown}
Comestibles
 c - 15 rations


   Skills:
 - Level 5.0 Armour
 - Level 1.5 Dodging
 - Level 2.4 Stealth
 - Level 4.2 Shields
 + Level 7.7 Spellcasting
 - Level 7.0 Conjurations
 - Level 4.7 Hexes
 + Level 2.1 Translocations


You had 12 spell levels left.
You knew the following spells:

 Your Spells              Type           Power        Failure   Level  Hunger
a - Magic Dart            Conj           ####         1%          1    None
b - Searing Ray           Conj           ####..       1%          2    None
c - Force Lance           Conj/Tloc      ###.....     6%          4    ###....
d - Fulminant Prism       Conj/Hex       ####......   3%          4    ###....

Your spell library contained the following spells:

 Spells                   Type           Power        Failure   Level  Hunger
 Dazzling Spray           Conj/Hex       ####..       1%          3    #......
 Iskenderun's Mystic Bla  Conj           ####....     2%          4    ###....


Dungeon Overview and Level Annotations

Branches:
Dungeon (9/15)             Temple (1/1) D:4             Orc (0/2) D:9
   Lair: D:8-11

Altars:
Ashenzari
Cheibriados
Dithmenos
Elyvilon
Fedhas
Gozag
Hepliaklqana
Kikubaaqudgha
Makhleb
Nemelex Xobeh
Okawaru
Qazlal
Ru
Sif Muna
Trog
Uskayaw
Vehumet
Wu Jian
Xom
Yredelemnul
Zin
The Shining One
Jiyva


Innate Abilities, Weirdness & Mutations

You have razor-sharp teeth.
Your natural rate of healing is unusually fast.
When hurt, damage is shared between your health and your magic reserves.
Your bite disrupts and absorbs the magic of your enemies.
Potions cannot restore your health.
You are immune to rotting.


Message History

Press: ? - help, Shift-Dir - straight line, f/p - centaur warrior
Aim: a centaur warrior (heavily wounded)
The lance of force hits the centaur warrior.
The centaur warrior is severely wounded.
You are feeling very hungry.
Sif Muna grants you divine energy.
You briefly lose access to your magic!
You block the centaur warrior's attack.
The centaur warrior hits you but does no damage.
As you read the scroll labeled WONKEE CILURIR, it crumbles to dust.
The creatures around you are filled with an inner flame!
It was a scroll of immolation.
The centaur warrior hits you.
* * * LOW HITPOINT WARNING * * *
Okay, then.
As you read the scroll labeled OKLURA CYOGH, it crumbles to dust.
This is a scroll of acquirement! [a] Weapon [b] Armour [c] Jewellery [d] Book [e] Staff [f] Evocable [g] Food [h] Gold (you have $358)
What kind of item would you like to acquire? [\] known items Something appears at your feet!
The centaur warrior hits you.
You die...

# .. ... #### ....
...########## .....
##..........######......
##########.....@c†.....
########...... ##+##


You could see a centaur warrior (inner flame).

Vanquished Creatures
  The ghost of caorun the Cleaver, a novice DDFi (D:7)
  A spriggan (D:8)
  Menkaure (D:7)
  An ice beast (D:9)
  An orc warrior (D:8)
  A black bear (D:6)
  A sky beast (D:5)
  3 ogres
  3 centaurs
  2 bullfrogs (D:6)
  A water moccasin zombie (D:6)
  A wyvern skeleton (D:7)
  5 wights (D:6)
  4 howler monkeys
  2 hounds (D:6)
  A jelly (D:6)
  A bullfrog skeleton (D:5)
  A gnoll shaman (D:4)
  An orc wizard (D:6)
  A centaur skeleton (D:7)
  3 iguanas
  3 worker ants
  A howler monkey zombie (D:8)
  Robin (D:3)
  15 gnolls
  2 worker ant zombies (D:5)
  8 adders
  A shadow imp (D:8)
  3 oozes
  An adder skeleton (D:4)
  An adder zombie (D:7)
  4 worms
  4 dart slugs
  2 leopard geckos (D:2)
  16 orcs
  A ball python (D:3)
  3 giant cockroaches
  14 goblins
  15 hobgoblins
  13 jackals
  6 quokkas
  3 bats
  A frilled lizard (D:3)
  2 jackal skeletons (D:4)
  A jackal zombie (D:6)
  5 kobolds
  A leopard gecko skeleton (D:8)
  5 rats
168 creatures vanquished.

Vanquished Creatures (others)
  A jelly (D:7)
  44 fulminant prisms
45 creatures vanquished.

Grand Total: 213 creatures vanquished

Notes
Turn   | Place    | Note
-------+----------+-------------------------------------------
     0 | D:1      | Heatsaber the Vine Stalker Conjurer began the quest for the
                  | Orb.
     0 | D:1      | Reached XP level 1. HP: 9/9 MP: 4/4
   207 | D:1      | Reached XP level 2. HP: 13/13 MP: 0/6
   260 | D:1      | Learned a level 2 spell: Searing Ray
   354 | D:1      | Found a glowing golden altar of the Shining One.
   792 | D:2      | Reached XP level 3. HP: 15/16 MP: 2/8
   808 | D:2      | Found a shadowy altar of Dithmenos.
  1033 | D:2      | Found a shimmering altar of Xom.
  1174 | D:2      | Gained mutation: Your natural rate of healing is unusually
                  | fast. [Vine Stalker growth]
  1174 | D:2      | Reached XP level 4. HP: 13/21 MP: 0/10
  1322 | D:2      | Reached skill level 5 in Conjurations
  1419 | D:2      | Reached XP level 5. HP: 20/24 MP: 1/11
  1426 | D:2      | Learned a level 4 spell: Force Lance
  1431 | D:2      | Learned a level 4 spell: Fulminant Prism
  1584 | D:2      | Found a faded altar of an unknown god.
  1835 | D:3      | Reached skill level 1 in Hexes
  2608 | D:3      | Noticed Robin
  2614 | D:3      | Killed Robin
  2614 | D:3      | Reached XP level 6. HP: 28/28 MP: 2/13
  3375 | D:4      | Found a staircase to the Ecumenical Temple.
  3387 | Temple   | Entered the Ecumenical Temple
  3513 | Temple   | Became a worshipper of Sif Muna the Loreminder
  3592 | D:4      | Reached skill level 1 in Armour
  3796 | D:5      | Entered Level 5 of the Dungeon
  3879 | D:5      | Reached XP level 7. HP: 32/32 MP: 1/14
  4368 | D:5      | Found a bloodstained altar of Trog.
  4459 | D:5      | You fall through a shaft for 2 floors!
  4726 | D:7      | Noticed Menkaure
  4731 | D:7      | Killed Menkaure
  4731 | D:7      | Gained mutation: You have razor-sharp teeth. [Vine Stalker
                  | growth]
  4731 | D:7      | Reached XP level 8. HP: 36/36 MP: 6/15
  4815 | D:6      | Got a dull robe
  4826 | D:6      | Identified the +1 robe of Ufoezour {rF+} (You found it on
                  | level 6 of the Dungeon)
  4851 | D:6      | Found a snail-covered altar of Cheibriados.
  4867 | D:6      | Found a basalt altar of Yredelemnul.
  4868 | D:6      | Found an opulent altar of Gozag.
  4898 | D:6      | Reached skill level 5 in Armour
  5121 | D:6      | Reached skill level 5 in Spellcasting
  5236 | D:6      | Reached * piety under Sif Muna
  5413 | D:6      | Reached skill level 1 in Shields
  5464 | D:6      | Found a white marble altar of Elyvilon.
  5465 | D:6      | Found a glowing silver altar of Zin.
  5478 | D:6      | Reached XP level 9. HP: 32/39 MP: 8/19
  5520 | D:6      | Found an iron altar of Okawaru.
  5902 | D:7      | Found a radiant altar of Vehumet.
  6003 | D:7      | Found a runed door.
  6005 | D:7      | Noticed caorun's ghost (novice DDFi)
  6230 | D:7      | Found a shattered altar of Ashenzari.
  6514 | D:7      | Killed caorun's ghost
  7114 | D:8      | Reached skill level 1 in Translocations
  7414 | D:9      | Found a staircase to the Orcish Mines.
  7489 | D:9      | Noticed a centaur warrior
  7499 | D:9      | Reached ** piety under Sif Muna
  7504 | D:9      | HP: 1/39 [centaur warrior (4)]
  7505 | D:9      | Identified 2 scrolls of acquirement
  7505 | D:9      | Slain by a centaur warrior

Skill      XL: |  1  2  3  4  5  6  7  8  9 |
---------------+----------------------------+-----
Spellcasting   | 3 4 6 7 |  7.7
Conjurations   | 5 6 7 |  7.0
Hexes          | 1 3 4 |  4.7
Armour         | 1 4 5 |  5.0
Shields        | 1 4 |  4.2
Translocations | 2 |  2.1
Dodging        | |  1.5
Stealth        | |  2.4

Action                   |  1- 3 |  4- 6 |  7- 9 || total
-------------------------+-------+-------+-------++-------
Melee: Spear             |     1 |       |       ||     1
       Dagger            |    26 |   122 |    77 ||   225
       Bite              |     9 |    34 |    30 ||    73
       Staff             |       |       |     5 ||     5
 Cast: Magic Dart        |    31 |    52 |    22 ||   105
       Searing Ray       |     3 |    20 |    38 ||    61
       Fulminant Prism   |       |    16 |    28 ||    44
       Force Lance       |       |       |     3 ||     3
Invok: Divine Energy     |       |       |     1 ||     1
  Use: Scroll            |       |       |     9 ||     9
 Stab: Sleeping          |     5 |     1 |     1 ||     7
  Eat: Chunk             |     1 |    13 |    12 ||    26
       Ration            |       |       |     1 ||     1
Armor: Robe              |     6 |     6 |    18 ||    30
       Leather armour    |       |    17 |     5 ||    22
Dodge: Dodged            |    27 |   108 |    87 ||   222
Block: Buckler           |       |       |     4 ||     4
